 Dungeon Sprint DCSS version 0.22-a0-354-g30dfbe6 (webtiles) character file.

7 Kikal the Ruffian (level 2, -5/27 HPs)
             Began as an Ogre Transmuter on Apr 16, 2018.
             Slain by a neqoxec (13 damage)
             ... in the Dungeon (Sprint II: "The Violet Keep of Menkaure").
             The game lasted 00:01:02 (169 turns).

Kikal the Ruffian (Ogre Transmuter)                  Turns: 169, Time: 00:01:03

Health: -5/27      AC:  3    Str: 13    XL:     2   Next: 0%
Magic:  4/6        EV: 10    Int: 14    God:
Gold:   243        SH:  0    Dex:  9    Spells: 4/7 levels left

rFire    . . .     SeeInvis .     - Unarmed
rCold    . . .     Gourm    .   (no shield)
rNeg     . . .     Faith    .   b - +0 robe
rPois    .         Spirit   .   (helmet restricted)
rElec    .         Reflect  .   (no cloak)
rCorr    .         Harm     .   (gloves unavailable)
MR       .....     NoTele   +   (boots unavailable)
Stlth    +.........             (no amulet)
HPRegen  0.09/turn              (no ring)
MPRegen  0.10/turn              (no ring)

@: appendage
A: large, unfitting armour, horns 2, blurry vision 1, deterioration 1, tough
skin 1
a: End Transformation


You were in the Dungeon.
You were not hungry.
You had grown temporary horns.
You visited 1 branch You collected 243 gold pieces.

Inventory:

Missiles
 a - 11 arrows
Armour
 b - a +0 robe (worn)
Scrolls
 j - a scroll of blinking
Potions
 e - a potion of curing
 f - a potion of heal wounds
 g - a potion of haste
 h - 2 potions of magic
 i - a potion of berserk rage
Comestibles
 c - 5 chunks of flesh
 d - a ration


   Skills:
 - Level 1.3 Fighting
 - Level 1.7 Dodging
 + Level 3.3 Unarmed Combat
 + Level 3.3 Spellcasting
 + Level 2.6 Transmutations


You had 4 spell levels left.
You knew the following spells:

 Your Spells              Type           Power        Failure   Level  Hunger
a - Beastly Appendage     Tmut           #.....       7%          1    #......
b - Sticks to Snakes      Tmut           #.......     11%         2    ##.....


Dungeon Overview and Level Annotations

Branches:
Dungeon (1/1)

Altars:


Innate Abilities, Weirdness & Mutations

You are too large for most types of armour.
You have tough skin. (AC +1)
You have a pair of horns on your head.
Scrolls take you a little longer to read.
Your body sometimes deteriorates upon taking damage.


Message History

Casting: Sticks to Snakes (safe; 11% risk of failure)
You grow a pair of large bovine horns.
Your ball python bites the neqoxec.
Your ball python constricts the neqoxec.
The neqoxec gestures at you.
Something tries to feed on your intellect!
Your ball python bites the neqoxec.
Your ball python constricts the neqoxec.
You now have 3/6 mp.
You hit the neqoxec but do no damage.
Your ball python bites the neqoxec but does no damage.
Your ball python constricts the neqoxec.
The neqoxec hits you!
* * * LOW HITPOINT WARNING * * *
You take 10 damage, and have 8/27 hp.
MASSIVE DAMAGE!!
Unknown command.
You hit the neqoxec.
Your ball python bites the neqoxec but does no damage.
Your ball python constricts the neqoxec.
The neqoxec hits you!
You die...

+## #.##
##..# #
#..## #
#. #'##
.#
#.##@##H#
#53<.+#
###S##H#
#+# .#
.#. # .w
w. ##.
$## ## ##


You could see a neqoxec, an iron imp and a friendly ball python.

Vanquished Creatures
  2 worms (D)
2 creatures vanquished.

Vanquished Creatures (others)
  Menkaure (D)
1 creature vanquished.

Grand Total: 3 creatures vanquished

Notes
Turn   | Place    | Note
-------+----------+-------------------------------------------
     0 | D        | Kikal the Ogre Transmuter began the quest for the Orb.
     0 | D        | Reached XP level 1. HP: 19/19 MP: 3/3
     1 | D        | Noticed a tyrant leech
     1 | D        | Noticed a tyrant leech
     5 | D        | Noticed a hippogriff
     5 | D        | Noticed a hippogriff
    19 | D        | Reached XP level 2. HP: 15/27 MP: 3/6
    42 | D        | Killed Menkaure
   147 | D        | Learned a level 2 spell: Sticks to Snakes
   155 | D        | Noticed a neqoxec
   162 | D        | Gained mutation: Your body sometimes deteriorates upon taking damage. [a neqoxec]
   163 | D        | Gained mutation: Scrolls take you a little longer to read. [a neqoxec]
   169 | D        | Slain by a neqoxec

Vault maps used:
D:        the_violet_keep_of_menkaure

Skill      XL: |  1 |
---------------+----+-----
Unarmed Combat | 3 |  3.3
Spellcasting   | 3 |  3.3
Transmutations | 2 |  2.6
Fighting       | |  1.3
Dodging        | |  1.7

Action                   || total
-------------------------++-------
Melee: Unarmed           ||    16
       Kick              ||     5
 Cast: Beastly Appendage ||     2
       Sticks to Snakes  ||     1
Dodge: Dodged            ||     3

Table legend:
 A = Spawn XP
 B = Non-spawn XP
 C = Spawn XP percentage of total XP
 D = Spawn monster count
 E = Non-spawn monster count
 F = Spawn count percentage of total count
 G = Total turns spent on level
                    A         B        C        D         E        F      G
               +---------+---------+-------+---------+---------+-------+---------
         Total |       0 |      10 |   0.0 |       0 |       2 |   0.0 |   169
               +---------+---------+-------+---------+---------+-------+---------
             D |       0 |      10 |   0.0 |       0 |       2 |   0.0 |   169
               +---------+---------+-------+---------+---------+-------+---------
